 Dungeon Crawl Stone Soup version 0.20.1-1-g8b1a95d (webtiles) character file.

396 letownia2 the Grave Robber (level 6, -1/49 HPs)
             Began as a Deep Dwarf Necromancer on Oct 28, 2017.
             Succumbed to a killer bee's poison
             ... on level 5 of the Dungeon.
             The game lasted 00:08:31 (4289 turns).

letownia2 the Grave Robber (Deep Dwarf Necromancer) Turns: 4289, Time: 00:08:31

Health: -1/49      AC:  5    Str: 12    XL:     6   Next: 52%
Magic:  11/11      EV: 11    Int: 17    God:
Gold:   170        SH:  0    Dex: 13    Spells: 7/11 levels left

rFire    . . .     SeeInvis .   a - +0 flail (crush)
rCold    . . .     Gourm    .   (no shield)
rNeg     . . .     Faith    .   l - +0 ring mail (curse)
rPois    .         Spirit   .   (no helmet)
rElec    .         Reflect  .   (no cloak)
rCorr    .         Harm     .   (no gloves)
MR       .....                  (no boots)
Stlth    +.........             (no amulet)
Regen    0.0/turn               (no ring)
MPRegen  0.2/turn               (no ring)

@: lethally poisoned (-1 -> -13), non-regenerating
A: damage resistance, heal wounds, sense surroundings 1, no regeneration
a: Heal Wounds


You were on level 5 of the Dungeon.
You were very hungry.

You visited 2 branches of the dungeon, and saw 6 of its levels.

You collected 170 gold pieces.

Inventory:

Hand Weapons
 a - a +0 flail of crushing (weapon)
 v - a +1 dagger of venom
 y - a +0 war axe
 F - a +0 dagger
Armour
 l - a cursed +0 ring mail (worn)
 m - a +0 robe
 B - a +2 ring mail of fire resistance
Wands
 o - a wand of random effects (29/48)
Scrolls
 e - a scroll of blinking {unknown}
 g - a scroll of enchant weapon {unknown}
 h - 3 scrolls of teleportation {unknown}
 k - 2 scrolls of enchant armour {unknown}
 n - 2 scrolls of magic mapping {unknown}
 r - 3 scrolls of identify {unknown}
 t - a scroll of random uselessness {unknown}
 w - 3 scrolls of fog {unknown}
 x - a scroll of recharging {unknown}
Potions
 d - 2 potions of magic {unknown}
 f - 4 potions of heal wounds {unknown}
 i - 5 potions of curing {unknown}
 p - a potion of ambrosia {unknown}
 s - 3 potions of agility {unknown}
 z - 2 potions of lignification {unknown}
 A - a potion of haste
 D - a potion of degeneration {unknown}
 E - a potion of brilliance {unknown}
Books
 b - a book of Necromancy

   Spells                             Type                      Level
   a - Pain                           Necromancy                   1
   b - Animate Skeleton               Necromancy                   1
   c - Vampiric Draining              Necromancy                   3
   d - Regeneration                   Charms/Necromancy            3
   e - Animate Dead                   Necromancy                   4
   f - Control Undead                 Necromancy                   4
 C - a book of Air

   Spells                             Type                      Level
   a - Shock                          Conjuration/Air              1
   b - Swiftness                      Charms/Air                   2
   c - Static Discharge               Conjuration/Air              3
   d - Airstrike                      Air                          4
   e - Lightning Bolt                 Conjuration/Air              5
Comestibles
 c - 5 bread rations
 j - a meat ration
 q - 5 fruits
 u - 3 royal jellies


   Skills:
 - Level 2.1 Dodging
 - Level 2.4 Stealth
 + Level 3.4 Spellcasting
 - Level 7.7 Necromancy


You had 7 spell levels left.
You knew the following spells:

 Your Spells              Type           Power        Failure   Level  Hunger
a - Pain                  Necr           ####         1%          1    None
v - Vampiric Draining     Necr           ####......   4%          3    ###....


Dungeon Overview and Level Annotations

Branches:
Dungeon (5/15)             Temple (1/1) D:4

Altars:
Cheibriados
Dithmenos
Elyvilon
Fedhas
Hepliaklqana
Kikubaaqudgha
Makhleb
Ru
Sif Muna
Trog
Xom
Yredelemnul
Zin

Annotations:
D:2 Robin
D:5 ThereIsNoGod's ghost, amateur TrFi


Innate Abilities, Weirdness & Mutations

You are resistant to damage.
You can heal yourself by infusing magical energy.
You passively map a small area around you.
You do not regenerate.


Message History

The killer bee stings you.
You are lethally poisoned!
The killer bee poisons you!
You feel very sick. The killer bee barely misses you.
The killer bee stings you.
* * * LOW HITPOINT WARNING * * *
The killer bee misses you. The killer bee barely misses you. x2
Unknown command.
* * * LOW HITPOINT WARNING * * *
You feel very sick. The killer bee barely misses you.
The killer bee stings you.
* * * LOW HITPOINT WARNING * * *
The killer bee stings you but does no damage. x2
* * * LOW HITPOINT WARNING * * *
You feel sick. The killer bee stings you.
* * * LOW HITPOINT WARNING * * *
The killer bee barely misses you.
The killer bee stings you but does no damage.
Unknown command.
You die...

#.# * #.# ..## ##.# ##......
## #..# #......# .####..#
##......## ...##..#
######........##
.......######..............##
#...........................#
#...............@...........##
##......########.y...[.......#
#......## #yyy..<........#
.......## ##yy.............#
..###...# ##W................
### ##..## #..................
# #...# ##..........##......
## ##..## #.........### .)....
.## #...###........(# ......


You could see 6 killer bees and ThereIsNoGod's ghost.

Vanquished Creatures
  2 scorpions (D:4)
  A bullfrog zombie (D:5)
  2 iguanas
  Jessica (D:3)
  2 worker ants
  Natasha (twice) (D:2)
  3 adders
  A worm (D:4)
  A leopard gecko (D:2)
  8 orcs
  9 bats
  3 giant cockroaches
  3 goblins
  3 hobgoblins
  9 jackals
  4 kobolds
  3 frilled lizards
57 creatures vanquished.

Notes
Turn   | Place    | Note
-------+----------+-------------------------------------------
     0 | D:1      | letownia2 the Deep Dwarf Necromancer began the quest for the Orb.
     0 | D:1      | Reached XP level 1. HP: 15/15 MP: 3/3
   453 | D:3      | Reached XP level 2. HP: 22/22 MP: 1/5
   496 | D:3      | Found a blossoming altar of Fedhas.
   560 | D:3      | Noticed Jessica
   565 | D:3      | Killed Jessica
   565 | D:3      | Reached skill level 5 in Necromancy
   565 | D:3      | Reached XP level 3. HP: 16/28 MP: 1/6
   617 | D:3      | Learned a level 3 spell: Vampiric Draining
   634 | D:4      | Noticed a scorpion
   639 | D:4      | Killed a scorpion
   639 | D:4      | Reached skill level 6 in Necromancy
   639 | D:4      | Reached XP level 4. HP: 21/36 MP: 1/7
   886 | D:4      | Found a white marble altar of Elyvilon.
  1034 | D:4      | Noticed a phantom
  1175 | D:4      | Found a staircase to the Ecumenical Temple.
  1233 | Temple   | Entered the Ecumenical Temple
  1379 | D:3      | Found a shadowy altar of Dithmenos.
  1813 | D:2      | Noticed Robin
  1847 | D:3      | Reached XP level 5. HP: 25/42 MP: 1/8
  2084 | D:2      | Noticed Natasha
  2091 | D:2      | Killed Natasha
  2091 | D:2      | Reached skill level 7 in Necromancy
  2105 | D:2      | Found a faded altar of an unknown god.
  2252 | D:2      | Noticed Natasha
  2281 | D:2      | Killed Natasha
  2781 | D:3      | Found a sacrificial altar of Ru.
  3297 | D:5      | Entered Level 5 of the Dungeon
  3477 | D:4      | Reached XP level 6. HP: 39/49 MP: 2/9
  4267 | D:5      | Noticed ThereIsNoGod's ghost (amateur TrFi)
  4288 | D:5      | HP: 2/49 [killer bee (1)]
  4289 | D:5      | Succumbed to a killer bee's poison

Skill      XL: |  1  2  3  4  5  6 |
---------------+-------------------+-----
Spellcasting   | 2 3 |  3.4
Necromancy     | 5 6 7 |  7.7
Dodging        | |  2.1
Stealth        | |  2.4

Action                   |  1- 3 |  4- 6 || total
-------------------------+-------+-------++-------
Melee: Dagger            |       |    77 ||    77
       Flail             |       |    17 ||    17
 Cast: Pain              |    21 |    55 ||    76
       Vampiric Draining |       |    32 ||    32
  Eat: Chunk             |       |    13 ||    13
       Fruit             |       |     1 ||     1
Armor: Ring mail         |       |    73 ||    73
Dodge: Dodged            |       |   120 ||   120
